 Dungeon Crawl Stone Soup version 0.28-a0-1429-gf3d713df7a (webtiles) character file.

Game seed: 4068976777144263828

8761 Cheeritup the Carver (level 11, -22/60 (61) HPs)
             Began as a Tengu Summoner on Jan 8, 2022.
             Was a Priest of Sif Muna.
             Killed by refrigeration
             ... invoked by Fannar
              (24 damage)
             ... on level 10 of the Dungeon.
             The game lasted 01:09:01 (11027 turns).

Cheeritup the Carver (Tengu Summoner)              Turns: 11027, Time: 01:09:02

HP:   -22/60 (61)   AC: 14    Str: 11    XL:     11   Next: 35%
MP:   13/17         EV: 19    Int: 16    God:    Sif Muna [***...]
Gold: 427           SH:  5    Dex: 16    Spells: 3/17 levels left

rFire   + . .      SeeInvis .   a - +6 long sword of the Abyss {freeze, rF+}
rCold   . . .      Faith    .   y - orb {*Rage}
rNeg    . . .      Spirit   .   i - +1 robe {Archmagi}
rPois   +          Reflect  +   (helmet restricted)
rElec   .          Harm     .   A - +2 cloak {rPois}
rCorr   .          Rampage  .   (no gloves)
Will    .....      Archmagi +   (boots unavailable)
Stlth   ++........ Rage     20% l - amulet of reflection
HPRegen 0.20/turn               o - +4 ring of protection
MPRegen 0.15/turn               k - +4 ring of protection

@: flying quickly and evasively, lightly drained, quick
A: beak, talons 3, nimble flight
a: Renounce Religion, Channel Magic, Forget Spell


You were on level 10 of the Dungeon.
You worshipped Sif Muna.
Sif Muna was most pleased with you.
You visited 2 branches of the dungeon, and saw 11 of its levels.
You also visited: Bailey.

You collected 427 gold pieces.

Inventory:

Hand Weapons
 a - the +6 long sword of the Abyss (weapon) {freeze, rF+}
   (You found it on level 4 of the Dungeon)

   It freezes those it strikes, dealing additional cold damage.
   It can also slow down cold-blooded creatures.
   rF:        It protects you from fire.
 b - a +0 arbalest
Missiles
 g - 22 poisoned darts (quivered)
 m - 8 curare-tipped darts
 u - 67 bolts
Armour
 i - a +1 robe of the Archmagi (worn)
 p - a +0 robe of positive energy
 r - a +0 buckler
 x - a +3 leather armour
 y - an orb of wrath (worn)
 A - a +2 cloak of poison resistance (worn)
 B - +0 steam dragon scales
Jewellery
 d - a +6 ring of intelligence
 h - an amulet of regeneration
 k - a +4 ring of protection (right hand)
 l - an amulet of reflection (around neck)
 n - a ring of protection from fire
 o - a +4 ring of protection (left hand)
Wands
 j - a wand of mindburst (1)
 q - a wand of flame (45)
 v - a wand of charming (13)
 z - a wand of iceblast (6)
 G - a wand of acid (2)
Scrolls
 s - a scroll of identify
 C - a scroll of enchant weapon
 E - 2 scrolls of teleportation
 F - a scroll of fear
Potions
 c - 2 potions of mutation
 e - 2 potions of curing
 f - 2 potions of magic
 t - 3 potions of haste
 w - a potion of brilliance


   Skills:
 - Level 4.0 Fighting
 - Level 14.0 Long Blades
 + Level 7.8 Dodging
 - Level 2.5 Stealth
 - Level 3.5 Spellcasting
 - Level 10.0 Summonings
 - Level 2.5 Air Magic


You had 3 spell levels left.
You knew the following spells:

 Your Spells              Type           Power      Damage    Failure   Level
a - Summon Small Mammal   Summ           100%       N/A       1%          1
b - Call Imp              Summ           51%        N/A       1%          2
c - Call Canine Familiar  Summ           51%        N/A       1%          3
d - Slow                  Hex            16%        N/A       19%         1
e - Summon Guardian Gole  Hex/Summ       28%        N/A       7%          3
f - Summon Lightning Spi  Summ/Air       34%        N/A       14%         4

Your spell library contained the following spells:

 Spells                   Type           Power      Damage    Failure   Level
 Sublimation of Blood     Necr           4%         N/A       26%         2
 Wereblood                Tmut           4%         N/A       26%         2
 Confusing Touch          Hex            4%         N/A       47%         3
 Vampiric Draining        Necr           4%         2d6       47%         3
 Animate Armour           Summ/Erth      56%        N/A       22%         4
 Animate Dead             Necr           2%         N/A       87%         4
 Summon Hydra             Summ           25%        N/A       94%         7
 Blade Hands              Tmut           2%         N/A       99%         5
 Borgnjor's Vile Clutch   Necr/Erth      2%         N/A       99%         5
 Death Channel            Necr           2%         N/A       100%        6
 Iron Shot                Conj/Erth      2%         9d2       100%        6


Dungeon Overview and Level Annotations

Branches:
Dungeon (10/15)            Temple (1/1) D:5            Lair (0/6) D:10
 Bailey (visited)
    Orc: D:9-12

Altars:
Ashenzari
Cheibriados
Dithmenos
Elyvilon
Fedhas
Gozag
Hepliaklqana
Kikubaaqudgha
Makhleb
Nemelex Xobeh
Okawaru
Qazlal
Ru
Sif Muna
Trog
Uskayaw
Vehumet
Wu Jian
Xom
Yredelemnul
Zin
The Shining One

Annotations:
D:7 3 runed translucent doors, fly's ghost, novice DgTm
D:10 Fannar


Innate Abilities, Weirdness & Mutations

You have a beak for a mouth.
You have claws for feet.
Your magical nature lets you fly swiftly and evasively.


Message History

The bolt of electricity hits Fannar!
Your lightning spire shoots out a bolt of lightning at the wight!
The bolt of electricity hits the wight!
As you read the scroll of fog, it crumbles to dust.
The scroll dissolves into smoke.
Something hits your lightning spire but does no damage.
As you read the scroll of fear, it crumbles to dust.
You assume a fearsome visage.
Fannar looks frightened!
Something hits your lightning spire.
Fannar gestures wildly while chanting.
Fannar blinks!
Something hits your lightning spire. Something freezes your lightning spire.
Your lightning spire resists.
Something hits your lightning spire.
You feel yourself speed up.
You start resting.
Fannar is nearby!
You start resting.
You recover from your berserk rage.
You start resting.
Fannar is nearby!
Aiming: Charm
Press: ? - help, Shift-Dir - straight line, f - Fannar
Aim: Fannar, wielding a +0 quarterstaff of freezing, wearing a +1 robe of cold resistance and wearing a ring of ice (chance to affect: 7%)
Okay, then.
Unknown command.
Your crimson imp blinks!
Fannar gestures wildly while chanting.
Fannar drains the heat from the surrounding environment!
Ouch! That really hurt!
* * * LOW HITPOINT WARNING * * *
Your crimson imp is frozen.
Your crimson imp is frozen!
Your crimson imp dies!
Your crimson imp disappears in a puff of smoke!
Fannar mumbles some strange words.
There is a stone staircase leading up here.
Fannar mumbles some strange words.
Fannar drains the heat from the surrounding environment!
You die...

.##..## .#....### ........#
.......# # .<.....# .#.
.......##.....
..............## ###
................### #.#
................@.###.###
............###...ยง.....#
8..........##...........#
..........###........e.###
....................Y....#####
......................##.....#
.............................#
....................#.......##
.................#.##......##


You could see Fannar and an ice beast (summoned).

Vanquished Creatures
  A two-headed ogre (D:9)
  Pikel (D:6)
  An unseen horror (D:9)
  Psyche (D:8)
  2 hornets
  A troll (D:10)
  A shadow (D:10)
  5 yaks (D:10)
  A steam dragon (D:8)
  A water moccasin (D:6)
  A sky beast (D:8)
  11 orc warriors
  A centaur (D:7)
  A wolf (D:10)
  An ogre (D:5)
  A phantom (D:4)
  A lemure (D:6)
  A kobold brigand (D:8)
  A wyvern zombie (D:8)
  2 bullfrogs
  2 scorpions
  A gnoll sergeant (D:8)
  6 killer bees (D:9)
  A wight (D:10)
  An electric eel (D:10)
  2 howler monkeys
  A centaur zombie (D:5)
  4 hounds
  A jelly (D:5)
  2 bullfrog skeletons (D:5)
  2 iguanas
  A scorpion zombie (D:5)
  3 orc wizards
  2 killer bee zombies
  A hound skeleton (D:4)
  A howler monkey zombie (D:9)
  9 gnolls
  3 adders
  2 adder skeletons (D:4)
  2 dart slugs
  21 orcs
  4 ball pythons
  4 endoplasms
  4 giant cockroaches
  17 hobgoblins
  5 jackals
  6 quokkas
  6 bats
  2 frilled lizards (D:2)
  11 goblins
  8 kobolds
  4 rats
175 creatures vanquished.

Vanquished Creatures (collateral kills)
  Maurice (D:8)
  3 yaks
  An ogre (D:4)
  2 centaurs
  A wolf (D:10)
  A phantom (D:5)
  A lemure (D:6)
  A bullfrog (D:6)
  A scorpion (D:2)
  3 killer bees
  A wight (D:10)
  A hound (D:10)
  3 jellies
  A bullfrog skeleton (D:7)
  2 orc wizards
  An iguana (D:4)
  5 gnolls
  A river rat (D:8)
  A dart slug (D:4)
  2 orcs
  An endoplasm (D:2)
  2 hobgoblins (Bailey)
  3 kobolds
  A quokka (D:4)
40 creatures vanquished.

Vanquished Creatures (others)
  A hornet (D:7)
  A yak (D:9)
  Menkaure (D:7)
  An orc warrior (Bailey)
  2 lemures (D:6)
  A gnoll sergeant (D:7)
  3 killer bees (D:8)
  2 gnolls (D:7)
  5 plants (D:5)
17 creatures vanquished.

Grand Total: 232 creatures vanquished

Notes
Turn   | Place    | Note
-------+----------+-------------------------------------------
     0 | D:1      | Cheeritup the Tengu Summoner began the quest for the Orb.
     0 | D:1      | Reached XP level 1. HP: 10/10 MP: 4/4
    12 | D:1      | Reached skill level 5 in Summonings
   115 | D:1      | Reached XP level 2. HP: 8/15 MP: 3/6
   118 | D:1      | Learned a level 2 spell: Call Imp
   288 | D:1      | Found a faded altar of an unknown god.
   693 | D:1      | Reached XP level 3. HP: 3/19 MP: 2/7
  1298 | D:2      | Noticed a scorpion
  1561 | D:2      | Learned a level 3 spell: Call Canine Familiar
  1822 | D:2      | Reached XP level 4. HP: 16/24 MP: 1/8
  1827 | D:2      | Reached skill level 1 in Fighting
  2269 | D:2      | Learned a level 1 spell: Slow
  2295 | D:2      | Killed a scorpion
  2296 | D:2      | Reached skill level 2 in Long Blades
  2296 | D:2      | Gained mutation: Your magical nature lets you fly swiftly
                  | and evasively. [Tengu growth]
  2296 | D:2      | Reached XP level 5. HP: 11/29 MP: 1/9
  3080 | D:4      | Reached skill level 3 in Long Blades
  3155 | D:4      | Reached XP level 6. HP: 26/34 MP: 7/10
  3336 | D:4      | Identified the +6 long sword of the Abyss {freeze, rF+}
  3443 | D:4      | Reached skill level 4 in Long Blades
  3487 | D:4      | Reached XP level 7. HP: 38/38 MP: 11/11
  3492 | D:4      | Learned a level 3 spell: Summon Guardian Golem
  3719 | D:5      | Entered Level 5 of the Dungeon
  3940 | D:5      | Reached skill level 5 in Long Blades
  4211 | D:5      | Reached skill level 6 in Long Blades
  4418 | D:5      | Found a staircase to the Ecumenical Temple.
  4511 | Temple   | Entered the Ecumenical Temple
  4745 | Temple   | Became a worshipper of Sif Muna the Loreminder
  4939 | D:5      | Found a burning altar of Makhleb.
  4944 | D:5      | Reached XP level 8. HP: 43/43 MP: 12/12
  5199 | D:5      | Reached skill level 7 in Long Blades
  5551 | D:6      | Noticed a hornet
  5800 | D:6      | Noticed Pikel
  5848 | D:6      | Paralysed by a hornet for 3 turns
  6009 | D:6      | Killed a hornet
  6098 | D:6      | Killed Pikel
  6099 | D:6      | Reached skill level 8 in Long Blades
  6099 | D:6      | Reached XP level 9. HP: 34/49 MP: 8/15
  6700 | D:7      | Reached * piety under Sif Muna
  6815 | D:7      | Found a runed translucent gate.
  6815 | D:7      | Found a runed translucent gate.
  6819 | D:7      | Found a runed translucent gate.
  6823 | D:7      | Noticed a fire dragon
  6826 | D:7      | Noticed fly's ghost (novice DgTm)
  6959 | D:7      | Reached skill level 9 in Long Blades
  6959 | D:7      | Reached skill level 10 in Summonings
  7120 | D:7      | Noticed a hornet
  7127 | D:7      | Noticed Menkaure
  7131 | D:7      | Killed a hornet
  7141 | D:7      | Killed Menkaure
  7386 | D:8      | Reached skill level 10 in Long Blades
  7467 | D:8      | Noticed a hornet
  7476 | D:8      | Killed a hornet
  7701 | D:8      | Learned a level 4 spell: Summon Lightning Spire
  7783 | D:8      | Noticed Maurice
  7824 | D:8      | Killed Maurice
  7825 | D:8      | Reached skill level 11 in Long Blades
  7825 | D:8      | Reached XP level 10. HP: 45/54 MP: 9/16
  7982 | D:8      | Noticed Psyche
  8116 | D:8      | Killed Psyche
  8351 | D:8      | Reached skill level 12 in Long Blades
  8793 | D:9      | Noticed a two-headed ogre
  8819 | D:9      | Killed a two-headed ogre
  8910 | D:9      | Reached skill level 13 in Long Blades
  9141 | D:9      | Killed an unseen horror
  9313 | D:9      | Found a flagged portal.
  9323 | D:9      | Reached ** piety under Sif Muna
  9330 | Bailey   | Entered a bailey
  9505 | Bailey   | Reached skill level 14 in Long Blades
  9569 | Bailey   | Reached skill level 5 in Dodging
  9646 | Bailey   | Reached XP level 11. HP: 58/58 MP: 17/17
  9900 | Bailey   | Noticed an orc warlord
 10395 | D:10     | Entered Level 10 of the Dungeon
 10477 | D:10     | Reached *** piety under Sif Muna
 10530 | D:10     | Found a staircase to the Lair.
 10978 | D:10     | Noticed Fannar
 11025 | D:10     | HP: 1/60 [Fannar/refrigeration (35)]
 11027 | D:10     | Killed from afar by Fannar

Illustrated notes

Levels and vault maps discovered:
D:1:      onia_arrival_pyramid, layout_rooms,
          ebering_ecumenical_altar_petrified, hangedman_decor_diamond_cutter,
          minmay_pentomino_z2
D:2:      minmay_skewed_foursquare, layout_basic
D:3:      layout_loops_ring, serial_glass, glass_columns_c, glass_columns_a,
          feat_on_display, due_unseen_surprise, minmay_strange_pillars,
          feat_on_display
D:4:      layout_rooms, chequers_jeans
D:5:      cheibrodos_two_vegetables, layout_basic, makhleb_heckhound_becter,
          minmay_temple_entry_drinking_statues
D:6:      layout_basic, serial_park_tiny_pond, minmay_misc_feat_chi, uniq_pikel
D:7:      layout_rooms, gammafunk_ghost_split, kennysheep_generic_room_8,
          uniq_menkaure
D:8:      layout_loops_cross, uniq_maurice, uniq_psyche
D:9:      layout_gridville, enter_bailey_4
D:10:     layout_cave_pools, erik_lair_island, uniq_fannar
Temple:   mainiacjoe_temple_archimedes_tessellation

Skill      XL: |  1  2  3  4  5  6  7  8  9 10 11 |
---------------+----------------------------------+-----
Summonings     | 5 6 7 8 9 10 | 10.0
Fighting       | 1 2 4 |  4.0
Long Blades    | 2 3 4 6 8 11 14 | 14.0
Dodging        | 3 4 5 7 |  7.8
Spellcasting   | 3 |  3.5
Air Magic      | 2 |  2.5
Stealth        | |  2.5

Action                   |  1- 3 |  4- 6 |  7- 9 | 10-12 || total
-------------------------+-------+-------+-------+-------++-------
Melee: Mace              |    78 |     6 |       |       ||    84
       Kick              |    23 |    18 |    31 |    51 ||   123
       Unarmed           |     4 |       |       |       ||     4
       Peck              |    11 |     9 |    21 |    32 ||    73
       Punch             |     1 |     1 |     2 |       ||     4
       Falchion          |       |    45 |       |       ||    45
       Long sword        |       |    31 |   107 |   173 ||   311
Throw: Dart              |       |     3 |    36 |    23 ||    62
 Cast: Summon Small Mamm |    10 |     2 |    17 |     8 ||    37
       Call Imp          |     3 |     3 |    16 |    11 ||    33
       Call Canine Famil |     1 |     9 |    15 |    16 ||    41
       Slow              |       |     5 |     1 |       ||     6
       Summon Guardian G |       |       |    17 |    10 ||    27
       Summon Lightning  |       |       |       |     6 ||     6
Evoke: Wand              |       |       |     2 |     2 ||     4
  Use: Scroll            |       |     2 |    10 |     8 ||    20
       Potion            |       |       |       |     1 ||     1
 Stab: Distracted        |     1 |     1 |       |     1 ||     3
       Sleeping          |     1 |     2 |     2 |       ||     5
Armor: Robe              |     1 |     7 |    22 |    47 ||    77
       Leather armour    |    27 |     2 |       |       ||    29
Dodge: Dodged            |    59 |    67 |    86 |    72 ||   284
Block: Other             |       |       |     9 |       ||     9
       Reflection        |       |       |     2 |     1 ||     3
       Orb               |       |       |       |    18 ||    18

Table legend: (Time is in decaauts)
 A = Elapsed time spent in this place.
 B = Non-inter-level travel time spent in this place.
 C = Inter-level travel time spent in this place.
 D = Time resting spent in this place.
 E = Time spent auto-exploring this place.
 F = Levels seen in this place.
 G = Mean time per level.
                   A        B        C        D        E       F      G
               +--------+--------+--------+--------+--------+-----+--------+
         Total |  10621 |  10261 |    360 |   2162 |   5021 |  12 |  885.1 |
       Dungeon |   9631 |   9280 |    351 |   1831 |   4812 |  10 |  963.1 |
        Temple |    378 |    369 |      9 |      0 |    145 |   1 |  378.0 |
        Bailey |    612 |    612 |      0 |    330 |     63 |   1 |  612.0 |
               +--------+--------+--------+--------+--------+-----+--------+

Top non-repeatable levels by time:
     D:5: 1346 daAuts
     D:8: 1311 daAuts
     D:2: 1304 daAuts
     D:1: 1122 daAuts
     D:9: 1040 daAuts
     D:6: 944 daAuts
     D:7: 686 daAuts
     D:4: 650 daAuts
    D:10: 638 daAuts
  Bailey: 612 daAuts
     D:3: 586 daAuts
  Temple: 378 daAuts
